 Dungeon Crawl Stone Soup version 0.26.1-16-g4e020e15dc (webtiles) character file.

Game seed: 3630161796470023178

380 Froggeryz the Cutter (level 6, 0/45 HPs)
             Began as an Octopode Berserker on Mar 31, 2023.
             Was a Believer of Trog.
             Slain by Robin
             ... wielding a +0 spear
              (6 damage)
             ... on level 3 of the Dungeon.
             The game lasted 00:01:48 (2554 turns).

Froggeryz the Cutter (Octopode Berserker)           Turns: 2554, Time: 00:01:49

Health: 0/45       AC:  1    Str: 16    XL:     6   Next: 75%
Magic:  6/6        EV: 14    Int:  9    God:    Trog [**....]
Gold:   252        SH:  0    Dex: 14    Spells: 5/5 levels left

rFire    . . .     SeeInvis .   a - +1 short sword
rCold    . . .     Faith    .   (no shield)
rNeg     . . .     Spirit   .   (helmet restricted)
rPois    .         Reflect  .   (no amulet)
rElec    .         Harm     .   (no ring)
rCorr    .         Rampage  .   (no ring)
Will     .....                  (no ring)
Stlth    ++........             (no ring)
HPRegen  0.15/turn              (no ring)
MPRegen  0.10/turn              (no ring)
                                (no ring)
                                (no ring)

@: no status effects
A: almost no armour, stealthy swim, amphibious, 8 rings, constrict 8, camouflage
1, gelatinous body 1
a: Renounce Religion, Berserk, Trog's Hand


You were on level 3 of the Dungeon.
You worshipped Trog.
Trog was pleased with you.
You visited 1 branch of the dungeon, and saw 3 of its levels.

You collected 252 gold pieces.

Inventory:

Hand Weapons
 a - a +1 short sword (weapon)
Scrolls
 c - 2 scrolls of teleportation {unknown}
 d - a scroll of blinking {unknown}
 f - 4 scrolls of identify {unknown}
 h - 2 scrolls of remove curse {unknown}
Potions
 b - a potion of degeneration {unknown}
 g - a potion of attraction {unknown}
 i - a potion of flight {unknown}
 k - a potion of brilliance {unknown}
 l - a potion of haste {unknown}


   Skills:
 + Level 4.8 Fighting
 * Level 6.2 Short Blades
 + Level 3.0 Dodging


You had 5 spell levels left.
You didn't know any spells.
Your spell library was empty.

Dungeon Overview and Level Annotations

Branches:
Dungeon (3/15)

Altars:
Hepliaklqana
Nemelex Xobeh
Xom

Annotations:
D:3 1 runed translucent door, Crazy Yiuf, Robin


Innate Abilities, Weirdness & Mutations

You cannot wear most types of armour.
You are very stealthy in the water. (Stealth+)
You are amphibious.
You can wear up to eight rings at the same time.
You can use your tentacles to constrict eight enemies at once.
Your skin changes colour to match your surroundings (Stealth+).
Your rubbery body absorbs attacks. (AC +1, EV +1)


Message History

As you read the scroll labelled KITTONL ES PATS, it crumbles to dust.
You smell wet wool.
It was a scroll of random uselessness.
The goblin misses you. The hobgoblin misses you. The goblin barely misses you.
The goblin completely misses you. The goblin hits you with a +0 dagger.
The goblin hits you with a +0 club.
As you read the scroll labelled ASITTY QASCH, it crumbles to dust.
It is a scroll of enchant weapon.
Your +0 short sword glows red for a moment.
The goblin hits you with a +0 club!
* * * LOW HITPOINT WARNING * * *
The hobgoblin closely misses you. The goblin hits you.
* * * LOW HITPOINT WARNING * * *
The goblin hits you.
* * * LOW HITPOINT WARNING * * *
The goblin closely misses you. The goblin completely misses you.
As you read the scroll labelled NIPHIEL UNKUO, it crumbles to dust.
The scroll dissolves into smoke.
It was a scroll of fog.
The hobgoblin misses you. The goblin completely misses you.
Robin hits you from afar with a +0 spear.
You die...

.# #.#.#.#.#............
.########.#.#.#.#............
..........#...#.#............
###############.#.#####...#
................#.# ..
#################.# # #§# #
.#######g#####? #
.....gg@g§..?... #
.....§ggg§###... #
##....g.§§# # ..........# #
.###......# # .......# #
.###....# # .. .....# #


You could see Robin, 2 hobgoblins and 5 goblins.

Vanquished Creatures
  Sigmund (D:2)
  2 orc wizards (D:3)
  Jessica (D:3)
  Natasha (thrice) (D:3)
  An adder (D:3)
  An ooze (D:2)
  3 worms
  2 leopard geckos
  An orc (D:3)
  A ball python (D:1)
  6 bats
  3 giant cockroaches
  11 goblins
  7 hobgoblins
  2 quokkas (D:3)
  3 frilled lizards
  7 kobolds
  A leopard gecko skeleton (D:3)
  7 rats
63 creatures vanquished.

Notes
Turn   | Place    | Note
-------+----------+-------------------------------------------
     0 | D:1      | Froggeryz the Octopode Berserker began the quest for the
                  | Orb.
     0 | D:1      | Reached XP level 1. HP: 16/16 MP: 1/1
   112 | D:1      | Reached XP level 2. HP: 17/21 MP: 2/2
   943 | D:2      | Reached XP level 3. HP: 22/26 MP: 3/3
   944 | D:2      | Reached ** piety under Trog
  1086 | D:2      | Noticed Sigmund
  1100 | D:2      | Killed Sigmund
  1101 | D:2      | Reached skill level 5 in Short Blades
  1101 | D:2      | Reached XP level 4. HP: 24/33 MP: 4/4
  1101 | D:2      | Reached XP level 5. HP: 27/37 MP: 5/5
  1659 | D:2      | You fall into a shaft and drop 1 floor!
  1668 | D:3      | Reached XP level 6. HP: 44/44 MP: 6/6
  1673 | D:3      | Noticed Natasha
  1684 | D:3      | Killed Natasha
  1953 | D:3      | Noticed Natasha
  1957 | D:3      | Killed Natasha
  2090 | D:3      | Found a runed translucent door.
  2091 | D:3      | Noticed Crazy Yiuf
  2108 | D:3      | Found a sparkling altar of Nemelex Xobeh.
  2108 | D:3      | Noticed Jessica
  2112 | D:3      | Killed Jessica
  2113 | D:3      | Reached skill level 6 in Short Blades
  2442 | D:3      | Found a hazy altar of Hepliaklqana.
  2443 | D:3      | Found a shimmering altar of Xom.
  2444 | D:3      | Noticed a spectral ugly thing
  2451 | D:3      | Noticed Natasha
  2455 | D:3      | Killed Natasha
  2543 | D:3      | Noticed Robin
  2554 | D:3      | Slain by Robin

Illustrated notes

Levels and vault maps discovered:
D:1:      minmay_arrival_diagonal_passages, layout_loops_ring,
          minmay_misc_feat_alley, minmay_pentomino_q4
D:2:      layout_loops_ring, uniq_sigmund
D:3:      layout_basic, regret_index_temple_of_mockery,
          nemelex_xobeh_ov_fountains_minmay, st_stairs_2,
          hangedman_abyss_or_decor_stabs, kennysheep_generic_room_8, uniq_robin,
          uniq_jessica, uniq_crazy_yiuf_cottage, uniq_natasha

Skill      XL: |  1  2  3  4  5  6 |
---------------+-------------------+-----
Fighting       | 4 |  4.8
Short Blades   | 5 6 |  6.2
Dodging        | |  3.0

Action                   |  1- 3 |  4- 6 || total
-------------------------+-------+-------++-------
Melee: Short sword       |    53 |    73 ||   126
       Constrict         |    15 |    24 ||    39
       Tentacles         |     7 |    21 ||    28
Invok: Berserk           |     1 |       ||     1
       Trog's Hand       |     1 |       ||     1
  Use: Scroll            |       |     3 ||     3
 Stab: Sleeping          |     3 |     1 ||     4
Armor: Skin              |     3 |     2 ||     5
Dodge: Dodged            |    30 |    52 ||    82
